Map: Lightshade LE

Players

ExpecT - Winner!

  • Race: Terran Terran

Has

  • Race: Protoss Protoss

Event: DreamHack SC2 Masters 2021 Fall

VOD

Have the link to the VOD?

Description

Time

  • Played on: July 30, 2021, 8:40 a.m.
  • Length: 14:04

All games in this series

Show
View Real Time Build Order
Export as new Build Order

ExpecT Terran - Winner!

Build Orders: 1/1/1 

Get SALT Encoding   

  12  0:00  SCV  
  13  0:12  SCV  
  14  0:17  Supply Depot  
  14  0:24  SCV  
  15  0:38  SCV  
  15  0:40  Barracks  
  16  0:46  Refinery  
  16  0:54  SCV  
  17  1:01  Refinery  
  17  1:06  SCV  
  18  1:18  SCV  
  19  1:28  Marine  
  19  1:30  Orbital Command  
  20  1:40  Factory  
  20  1:46  Supply Depot  
  20  1:49  Barracks Reactor  
  20  1:57  SCV  
  21  2:09  SCV  
  22  2:21  SCV  
  23  2:25  Starport  
  23  2:33  SCV  
  23  2:34  Widow Mine x2  
  28  2:38  Supply Depot  
  28  2:45  SCV  
  29  2:55  Widow Mine  
  31  3:00  SCV, Widow Mine  
  31  3:01  Medivac  
  31  3:04  Supply Depot  
  36  3:10  Armory  
  36  3:17  Barracks Tech Lab  
  36  3:21  Widow Mine  
  38  3:44  Command Center  
  38  3:47  SCV  
  39  3:49  Cyclone  
  39  3:53  Supply Depot  
  42  3:57  Viking  
  44  4:09  Marine  
  40  4:10  Marine  
  40  4:12  SCV  
  43  4:23  Cyclone  
  46  4:24  SCV  
  46  4:29  Marine  
  46  4:30  Marine  
  47  4:33  Viking  
  47  4:44  SCV  
  48  4:50  Marine x2  
  48  4:57  Orbital Command  
  48  4:58  Siege Tank  
  48  4:59  SCV  
  52  5:07  Viking  
  52  5:11  Marine x2, SCV  
  57  5:24  Supply Depot, SCV x2  
  57  5:25  Barracks  
  58  5:36  SCV x2, Siege Tank  
  58  5:37  Marine  
  58  5:38  Marine  
  65  5:44  Supply Depot  
  58  5:54  Marine, SCV  
  58  5:56  Marine  
  52  6:01  SCV  
  52  6:03  Viking  
  52  6:12  Marine  
  52  6:14  Marine, Siege Tank  
  52  6:15  Barracks Tech Lab  
  52  6:16  SCV  
  58  6:21  SCV  
  59  6:28  SCV  
  60  6:34  SCV, Viking  
  61  6:40  SCV  
  61  6:41  Marine x3  
  61  6:42  Stimpack  
  61  6:46  SCV  
  66  6:53  SCV  
  67  6:55  Bunker  
  67  6:57  Barracks  
  67  6:58  SCV  
  68  7:05  SCV  
  69  7:09  Siege Tank  
  69  7:11  SCV  
  69  7:15  Marine x3  
  76  7:17  SCV  
  76  7:18  Starport Reactor  
  77  7:24  SCV  
  77  7:25  Supply Depot  
  77  7:26  Supply Depot  
  77  7:29  SCV  
  79  7:30  Engineering Bay  
  79  7:33  Refinery  
  79  7:34  Marine  
  80  7:37  SCV  
  80  7:41  SCV  
  82  7:44  Marine  
  82  7:49  SCV  
  84  7:59  Barracks  
  84  8:04  SCV x2, Barracks  
  86  8:06  Marine x2, Factory Reactor, Marauder  
  86  8:09  Combat Shield  
  90  8:16  SCV  
  91  8:20  Marauder  
  91  8:22  SCV  
  91  8:24  Marine x2  
  93  8:28  Marauder  
  81  8:40  Medivac x2  
  81  8:41  Marine  
  74  8:42  Marine x2  
  74  8:45  Widow Mine x2  
  81  8:50  Refinery, Marauder, Terran Infantry Weapons Level 1  
  81  8:53  Barracks Reactor, Barracks Tech Lab  
  83  9:00  Marine  
  83  9:01  Marine, Marauder  
  85  9:08  Widow Mine x2  
  87  9:11  Marauder  
  91  9:17  Concussive Shells, Marauder  
  91  9:18  Marine x2  
  91  9:19  Supply Depot  
  91  9:20  Supply Depot  
  91  9:22  Marauder  
  93  9:31  Marine  
  93  9:32  Marine, Medivac  
  93  9:36  Marine  
  93  9:37  Widow Mine x2  
  102  9:41  Marauder  
  102  9:42  Supply Depot  
  102  9:43  Marine x2, Supply Depot  
  102  9:44  Marauder  
  108  9:50  Marauder  
  110  9:53  Medivac  
  110  9:57  Marine x2  
  112  10:01  Marine  
  112  10:02  Widow Mine, Marauder  
  112  10:04  Widow Mine  
  112  10:05  Marine, Marauder  
  122  10:10  Supply Depot  
  122  10:12  Supply Depot, Marauder  
  124  10:14  Marine  
  124  10:18  Marine  
  124  10:19  Marine  
  127  10:23  Marauder  
  127  10:26  Marauder  
  125  10:32  Marine x2  
  125  10:33  Marauder  
  123  10:45  Marine  
  123  10:46  Marauder  
  123  10:47  Widow Mine  
  123  10:48  Widow Mine, Marauder  
  123  10:49  Medivac x2  
  134  10:56  Marine x3  
  131  10:57  Marauder  
  131  11:00  Terran Infantry Armor Level 1  
  126  11:08  Widow Mine  
  126  11:09  Widow Mine  
  123  11:15  Marine x2  
  123  11:16  Marauder x2  
  129  11:24  Liberator  
  132  11:28  Liberator  
  132  11:30  Widow Mine  
  132  11:31  Marine, Widow Mine  
  140  11:38  Marine x2, Marauder  
  144  11:40  Marine  
  144  11:44  Supply Depot  
  143  11:48  Marine, Marauder  
  143  11:53  Marine  
  147  12:00  Marauder  
  149  12:05  Marine  
  149  12:06  Marauder  
  152  12:10  Marauder  
  151  12:21  Marauder  
  151  12:22  Liberator x2  
  155  12:26  Widow Mine  
  157  12:31  Supply Depot  
  157  12:32  Marine  
  157  12:33  Orbital Command, Widow Mine  
  157  12:36  Marine x2  
  143  13:02  Marine x2, Marauder  
  143  13:05  Liberator x2  
  112  13:12  Orbital Command  
  140  13:20  Widow Mine x2  
  140  13:23  Marine x2, Marauder x2  
  144  13:35  Marine x2  
  144  13:37  Orbital Command  
Show
View Real Time Build Order
Export as new Build Order

Has Protoss 

Build Orders: Phoenix Opening, Chargelot Immortal 

Get SALT Encoding   

  12  0:00  Probe  
  13  0:12  Probe  
  14  0:17  Pylon  
  14  0:24  Probe (Chrono Boost)  
  16  0:35  Gateway  
  16  0:37  Probe (Chrono Boost)  
  16  0:42  Probe (Chrono Boost)  
  16  0:47  Assimilator  
  17  0:52  Probe  
  18  0:59  Assimilator  
  18  1:04  Probe (Chrono Boost)  
  19  1:16  Probe (Chrono Boost)  
  20  1:20  Probe (Chrono Boost)  
  20  1:22  Cybernetics Core  
  21  1:30  Probe  
  21  1:31  Pylon  
  22  1:42  Probe  
  22  1:59  Nexus  
  22  2:02  Adept  
  22  2:04  Probe  
  25  2:13  Stargate  
  25  2:18  Probe  
  25  2:21  Warp Gate  
  26  2:30  Probe  
  26  2:32  Adept  
  29  2:38  Pylon  
  29  2:42  Probe  
  30  2:54  Shield Battery  
  30  2:55  Phoenix (Chrono Boost)  
  30  2:58  Probe  
  33  3:10  Pylon  
  33  3:11  Probe  
  34  3:15  Phoenix (Chrono Boost)  
  37  3:23  Probe  
  38  3:28  Robotics Facility  
  38  3:39  Phoenix (Chrono Boost)  
  41  3:52  Gateway  
  41  3:54  Gateway  
  39  4:01  Phoenix  
  41  4:03  Probe  
  42  4:14  Probe  
  42  4:15  Observer (Chrono Boost)  
  39  4:17  Probe  
  40  4:26  Adept, Probe  
  40  4:30  Probe  
  44  4:38  Probe  
  45  4:42  Probe  
  45  4:49  Observer  
  45  4:50  Probe  
  47  4:54  Probe  
  47  4:55  Adept x3  
  54  5:02  Probe  
  54  5:04  Pylon  
  54  5:06  Probe  
  56  5:18  Adept x3  
  62  5:22  Pylon, Probe  
  62  5:27  Probe  
  64  5:34  Probe  
  64  5:35  Phoenix (Chrono Boost)  
  64  5:40  Probe  
  67  5:46  Probe  
  64  5:52  Probe  
  53  5:58  Probe  
  53  6:01  Immortal (Chrono Boost)  
  48  6:05  Probe  
  48  6:10  Sentry, Zealot  
  48  6:11  Zealot, Probe  
  60  6:13  Gateway  
  60  6:17  Probe  
  61  6:25  Twilight Council  
  61  6:28  Probe  
  61  6:29  Probe  
  61  6:31  Observer  
  63  6:39  Nexus  
  61  6:41  Pylon  
  61  6:44  Zealot x3  
  67  6:49  Immortal (Chrono Boost)  
  71  6:57  Charge (Chrono Boost)  
  71  6:58  Pylon  
  71  7:02  Observer  
  71  7:09  Zealot  
  71  7:10  Zealot x2  
  71  7:11  Zealot  
  79  7:21  Gateway  
  79  7:22  Gateway  
  81  7:25  Gateway  
  81  7:28  Warp Prism (Chrono Boost)  
  80  7:34  Probe x2  
  83  7:41  Forge  
  75  7:53  Zealot x3  
  75  7:54  Zealot  
  83  7:58  Immortal  
  87  8:16  Zealot x3  
  83  8:36  Probe x2  
  77  8:43  Stalker x2  
  77  8:45  Observer (Chrono Boost)  
  82  8:50  Nexus  
  81  9:02  Protoss Ground Armor Level 1, Probe  
  80  9:05  Observer (Chrono Boost)  
  79  9:11  Probe  
  79  9:13  Pylon  
  80  9:22  Zealot x3  
  86  9:27  Pylon  
  90  9:31  Immortal  
  90  9:34  Pylon  
  90  9:43  Zealot  
  90  9:44  Stalker  
  94  9:51  Stalker  
  94  9:52  Stalker x3, Zealot  
  104  9:59  Blink (Chrono Boost)  
  104  10:09  Zealot x2  
  108  10:15  Zealot x3  
  112  10:29  Zealot x4  
  120  10:36  Zealot x2  
  110  10:44  Observer (Chrono Boost)  
  109  10:56  Immortal (Chrono Boost)  
  105  11:03  Probe  
  103  11:11  Stalker x4, Zealot x2  
  101  11:12  Zealot  
  101  11:15  Pylon  
  105  11:34  Zealot x7  
  105  11:35  Immortal (Chrono Boost)  
  117  11:55  Zealot x4  
  117  11:58  Pylon  
  117  12:01  Pylon  
  125  12:08  Pylon  
  123  12:15  Zealot  
  123  12:16  Zealot  
  115  12:24  Zealot x3  
  115  12:25  Zealot x2  
  121  12:44  Pylon  
  121  12:46  Pylon  
  121  12:48  Pylon  
  100  13:02  Zealot x5  
  102  13:13  Stalker  
  102  13:15  Observer  
  99  13:37  Nexus  
  99  13:39  Pylon  

Tags
 
Add a new tag
Caveats
  • Supply blocks, unpowered buildings, or Contaminate may cause inaccurate times.
  • Supply counts are checked every 10 seconds.